 Dungeon Crawl Stone Soup version 0.29-a0-221-gceb61267dd (webtiles) character file.

Game seed: 2765560762227034639

975 sammy202020 the Skirmisher (level 8, 0/70 HPs)
             Began as a Ghoul Berserker on Feb 26, 2022.
             Was a Believer of Trog.
             Shot with an arrow by a centaur (6 damage)
             ... on level 6 of the Dungeon on Feb 27, 2022.
             The game lasted 00:07:51 (4892 turns).

sammy202020 the Skirmisher (Ghoul Berserker)        Turns: 4892, Time: 00:07:52

Health: 0/70       AC: 10    Str: 26    XL:     8   Next: 16%
Magic:  7/7        EV:  9    Int:  5    God:    Trog [**....]
Gold:   244        SH:  0    Dex:  8    Spells: 7/7 levels left

rFire   . . .      SeeInvis +     - Unarmed
rCold   + . .      Faith    .   (no shield)
rNeg    + + +      Spirit   .   b - +1 chain mail
rPois   ∞          Reflect  .   (no helmet)
rElec   .          Harm     .   (no cloak)
rCorr   .          Rampage  .   (no gloves)
Will    .....                   (no boots)
Stlth   ..........              (no amulet)
HPRegen 0.00/turn               f - +6 ring of strength
MPRegen 0.10/turn               g - ring of see invisible

@: inhibited regen
A: claws 1, cold resistance 1, negative energy resistance 3, inhibited
regeneration, torment resistance 2
a: Renounce Religion, Trog's Hand


You were on level 6 of the Dungeon.
You worshipped Trog.
Trog was pleased with you.
You visited 1 branch of the dungeon, and saw 6 of its levels.

You collected 244 gold pieces.

Inventory:

Armour
 a - +0 acid dragon scales
 b - a +1 chain mail (worn)
 s - a +0 helmet
Jewellery
 f - a +6 ring of strength (left claw)
 g - a ring of see invisible (right claw)
Wands
 j - a wand of digging (11)
Scrolls
 i - a scroll of magic mapping
 m - 4 scrolls of teleportation
 n - 2 scrolls of noise {unknown}
 o - a scroll of acquirement {unknown}
 q - a scroll of summoning {unknown}
 r - a scroll of amnesia {unknown}
Potions
 c - 2 potions of lignification
 d - 5 potions of curing
 e - 3 potions of attraction
 h - a potion of might
 k - 3 potions of ambrosia
 l - a potion of heal wounds
 p - a potion of flight {unknown}


   Skills:
 + Level 6.0 Fighting
 + Level 4.4 Armour
 + Level 4.4 Dodging
 + Level 6.0 Unarmed Combat


You had 7 spell levels left.
You didn't know any spells.
Your spell library was empty.

Dungeon Overview and Level Annotations

Branches:
Dungeon (6/15)             Temple (0/1) D:6

Altars:


Innate Abilities, Weirdness & Mutations

You thrive by killing the living.
You are immune to poison.
You have sharp fingernails.
Your flesh is cold resistant. (rC+)
You are immune to negative energy. (rN+++)
You do not regenerate when monsters are visible.
You are immune to unholy pain and torment.


Message History

The centaur is heavily wounded.
The centaur hits you.
* * * LOW HITPOINT WARNING * * *
The centaur kicks you.
* * * LOW HITPOINT WARNING * * *
The kobold closely misses you.
The kobold hits you but does no damage. x2
You closely miss the kobold.
The centaur hits you but does no damage.
The centaur kicks you but does no damage.
The kobold hits you but does no damage. x3; The centaur barely misses you.
The centaur kicks you but does no damage.
You barely miss the kobold. The kobold hits you with a +4 dagger.
* * * LOW HITPOINT WARNING * * *
The centaur barely misses you. x2; The kobold barely misses you.
The kobold hits you but does no damage.
You claw the kobold!
You kill the kobold!
Trog accepts your kill. The centaur hits you.
* * * LOW HITPOINT WARNING * * *
The centaur kicks you but does no damage.
The kobold hits you but does no damage. x2
You scratch the kobold.
The kobold is severely wounded.
The centaur hits you but does no damage.
The centaur kicks you but does no damage.
The kobold hits you but does no damage. x2
You scratch the kobold but do no damage.
The kobold is severely wounded.
The centaur completely misses you. The centaur barely misses you.
The centaur hits you but does no damage.
The centaur misses you. The kobold hits you but does no damage.
You scratch the kobold.
You kill the kobold!
Trog accepts your kill. The centaur closely misses you.
The centaur kicks you but does no damage.
The centaur wields a +0 shortbow.
The centaur shoots an arrow.
The arrow hits you.
You die...

#### .# ##..### ##.
##.....## ##..
##.......## ##...
##.........####..##
#...........##..##.
#..............###.
##..)c.)......####..
#..@)K........# #..
#...).........# ###
#...........### #
#...........##
#..........##
..........###
##.......###
#.....###


You could see a centaur and a kobold.

Vanquished Creatures
  An acid dragon (D:5)
  An ogre (D:6)
  A phantom (D:6)
  2 kobold brigands (D:6)
  A gnoll sergeant (D:5)
  2 scorpions
  2 hounds
  An iguana (D:4)
  4 orc wizards (D:5)
  8 gnolls
  4 adders
  An ufetubus (D:6)
  A worm (D:2)
  4 dart slugs
  6 orcs
  4 bats
  4 endoplasms
  2 giant cockroaches (D:1)
  9 goblins
  6 hobgoblins
  3 jackals (D:2)
  A quokka (D:5)
  2 ball pythons
  6 frilled lizards
  12 kobolds
  4 rats
92 creatures vanquished.

Notes
Turn   | Place    | Note
-------+----------+-------------------------------------------
     0 | D:1      | sammy202020 the Ghoul Berserker began the quest for the
                  | Orb.
     0 | D:1      | Reached XP level 1. HP: 19/19 MP: 0/0
   124 | D:1      | Reached XP level 2. HP: 16/26 MP: 1/1
   924 | D:2      | Reached ** piety under Trog
   925 | D:2      | Reached XP level 3. HP: 23/31 MP: 2/2
  1150 | D:2      | Found a faded altar of an unknown god.
  1390 | D:3      | Reached XP level 4. HP: 39/40 MP: 3/3
  2416 | D:4      | Noticed a scorpion
  2436 | D:4      | HP: 1/40 [scorpion (7)]
  2438 | D:4      | Killed a scorpion
  2439 | D:4      | Reached XP level 5. HP: 8/47 MP: 4/4
  3107 | D:4      | Reached XP level 6. HP: 53/53 MP: 5/5
  3233 | D:5      | Entered Level 5 of the Dungeon
  3295 | D:5      | Noticed an acid dragon
  3307 | D:5      | Killed an acid dragon
  3375 | D:5      | Reached skill level 5 in Fighting
  3375 | D:5      | Reached skill level 5 in Unarmed Combat
  3375 | D:5      | HP: 1/56 [gnoll/+0 flail (9)]
  3379 | D:5      | Reached XP level 7. HP: 4/61 MP: 6/6
  3381 | D:5      | HP: 1/61 [gnoll/+0 flail (5)]
  4700 | D:6      | Reached XP level 8. HP: 70/70 MP: 7/7
  4710 | D:6      | Found a staircase to the Ecumenical Temple.
  4892 | D:6      | Shot with an arrow by a centaur

Illustrated notes

Levels and vault maps discovered:
D:1:      scummos_arrival_checkerplants, layout_rooms, minmay_hedge_maze,
          chequers_serial_rivers_micro_a, minivault_11
D:2:      layout_rooms, hellmonk_ecumenical_altar_dog_temple
D:3:      layout_basic, hangedman_decor_slide_cut
D:4:      layout_basic
D:5:      layout_basic
D:6:      layout_cave_pods, temple_fountains, serial_shops,
          nicolae_shop_temple_entry_statues_fountains, hangedman_decor_points

Skill      XL: |  1  2  3  4  5  6  7  8 |
---------------+-------------------------+-----
Armour         | 2 3 4 |  4.4
Dodging        | 2 3 4 |  4.4
Unarmed Combat | 4 5 6 |  6.0
Fighting       | 4 5 6 |  6.0

Action                   |  1- 3 |  4- 6 |  7- 9 || total
-------------------------+-------+-------+-------++-------
Melee: Unarmed           |   121 |   116 |   114 ||   351
       Punch             |     4 |     7 |     4 ||    15
Invok: Trog's Hand       |       |     3 |     1 ||     4
  Use: Scroll            |       |    11 |       ||    11
 Stab: Sleeping          |     1 |       |       ||     1
Armor: Animal skin       |    20 |       |       ||    20
       Chain mail        |       |    38 |   107 ||   145
       Scale mail        |       |     1 |       ||     1
Dodge: Dodged            |    63 |    50 |    90 ||   203

Table legend: (Time is in decaauts)
 A = Elapsed time spent in this place.
 B = Non-inter-level travel time spent in this place.
 C = Inter-level travel time spent in this place.
 D = Time resting spent in this place.
 E = Time spent auto-exploring this place.
 F = Levels seen in this place.
 G = Mean time per level.
                   A        B        C        D        E       F      G
               +--------+--------+--------+--------+--------+-----+--------+
         Total |   4862 |   4717 |    145 |    186 |   3795 |   6 |  810.3 |
       Dungeon |   4862 |   4717 |    145 |    186 |   3795 |   6 |  810.3 |
               +--------+--------+--------+--------+--------+-----+--------+

Top non-repeatable levels by time:
     D:5: 1190 daAuts
     D:3: 1061 daAuts
     D:4: 821 daAuts
     D:1: 766 daAuts
     D:2: 567 daAuts
     D:6: 455 daAuts
